% Time on Ice - VANCOUVER VOODOO
Lines # - Real PCT - Wanted PCT - Time Play
Normal Forward
1 - 29% - 31% - 14:48
2 - 29% - 30% - 14:47
3 - 30% - 29% - 15:16
4 - 11% - 10% - 5:34
Normal Defense
1 - 36% - 36% - 18:00
2 - 36% - 33% - 18:05
3 - 28% - 31% - 14:16
4 - 0% - 0% - 0:04
PP Forward
1 - 48% - 50% - 0:57
2 - 52% - 50% - 1:02
PP Defense
1 - 52% - 50% - 1:02
2 - 48% - 50% - 0:57
PK Forward
1 - 70% - 60% - 4:42
2 - 30% - 40% - 1:59
PK Defense
1 - 48% - 58% - 3:14
2 - 52% - 42% - 3:27
PK3 Forward
1 - 0% - 50%
2 - 0% - 50%
PK3 Defense
1 - 0% - 50%
2 - 0% - 50%
44 Forward
1 - 0% - 55%
2 - 0% - 45%
44 Defense
1 - 0% - 50%
2 - 0% - 50%
Last Minute Offensive  - 0:00
Last Minute Defensive  - 0:55
Total
Forward - 60:00
Defense - 60:00
% Time on Ice - VICTORIA GLADIATORS
Lines # - Real PCT - Wanted PCT - Time Play
Normal Forward
1 - 34% - 36% - 17:20
2 - 33% - 34% - 16:47
3 - 24% - 23% - 12:16
4 - 8% - 7% - 4:02
Normal Defense
1 - 37% - 40% - 18:29
2 - 38% - 35% - 18:58
3 - 26% - 25% - 12:58
4 - 0% - 0% - 0:00
PP Forward
1 - 53% - 50% - 3:33
2 - 47% - 50% - 3:08
PP Defense
1 - 48% - 50% - 3:14
2 - 52% - 50% - 3:27
PK Forward
1 - 61% - 50% - 1:12
2 - 39% - 50% - 0:47
PK Defense
1 - 65% - 50% - 1:17
2 - 35% - 50% - 0:42
PK3 Forward
1 - 0% - 50%
2 - 0% - 50%
PK3 Defense
1 - 0% - 50%
2 - 0% - 50%
44 Forward
1 - 0% - 50%
2 - 0% - 50%
44 Defense
1 - 0% - 50%
2 - 0% - 50%
Last Minute Offensive  - 0:55
Last Minute Defensive  - 0:00
Total
Forward - 60:00
Defense - 60:00
Play-by-Play 1st period 0:01 of 1st period - Anze Kopitar wins face-off versus Adam Gaudette in neutral zone. 0:15 of 1st period - Gustav Nyquist is hit by Esa Lindell and loses puck. 0:18 of 1st period - Shot by Josh Manson. 0:18 of 1st period - Stopped by Carter Hart with a rebound. 0:24 of 1st period - Shot by Keith Yandle. 0:24 of 1st period - Stopped by Carter Hart with a rebound. 2:13 of 1st period - Shot by Max Jones. 2:13 of 1st period - Shot Misses the Net. 2:15 of 1st period - Shot by Mike Green. 2:15 of 1st period - Shot Blocked by Nick Holden. 2:17 of 1st period - Shot by Andrew Shaw. 2:17 of 1st period - Shot Blocked by Torey Krug. 2:51 of 1st period - Shot by Noel Acciari. 2:51 of 1st period - Stopped by Carter Hart with a rebound. 2:53 of 1st period - Shot by Noel Acciari. 2:53 of 1st period - Shot Misses the Net. 2:55 of 1st period - Shot by Brendan Lemieux. 2:55 of 1st period - Shot Misses the Net. 2:57 of 1st period - Shot by Travis Zajac. 2:57 of 1st period - Stopped by Carter Hart without a rebound. 2:58 of 1st period - Mark Jankowski wins face-off versus Derek Grant in VICTORIA GLADIATORS zone. 2:58 of 1st period - Mark Jankowski is hit by Duncan Keith. 3:48 of 1st period - Victor Rask is hit by Esa Lindell and loses puck. 4:09 of 1st period - Shot by Max Jones. 4:09 of 1st period - Shot Misses the Net. 4:16 of 1st period - Andrew Cogliano is hit by Andrew Shaw and loses puck. 5:24 of 1st period - Icing by Brady Skjei. 5:25 of 1st period - Adam Gaudette wins face-off versus Anze Kopitar in VICTORIA GLADIATORS zone. 5:26 of 1st period - Shot by Gustav Nyquist. 5:26 of 1st period - Shot Blocked by Nikita Zaitsev. 5:30 of 1st period - Shot by Max Domi. 5:30 of 1st period - Shot Misses the Net. 5:32 of 1st period - Shot by Gustav Nyquist. 5:32 of 1st period - Shot Misses the Net. 5:34 of 1st period - Shot by Danny DeKeyser. 5:34 of 1st period - Shot Misses the Net. 5:44 of 1st period - Shot by Gustav Nyquist. 5:44 of 1st period - Stopped by Carter Hart without a rebound. 5:45 of 1st period - Mikael Backlund wins face-off versus Mark Jankowski in VICTORIA GLADIATORS zone. 6:20 of 1st period - Mikael Backlund is hit by Mike Green and loses puck. 6:39 of 1st period - Nikita Zaitsev is hit by Nicolas Roy and loses puck. 7:11 of 1st period - Icing by Brady Skjei. 7:12 of 1st period - Johan Larsson wins face-off versus Victor Rask in VICTORIA GLADIATORS zone. 7:32 of 1st period - Icing by Andrew Shaw. 7:33 of 1st period - Victor Rask wins face-off versus Kyle Connor in VANCOUVER VOODOO zone. 8:09 of 1st period - Shot by Kyle Connor. 8:09 of 1st period - Shot Misses the Net. 8:13 of 1st period - Shot by Anze Kopitar. 8:13 of 1st period - Shot Misses the Net. 8:24 of 1st period - Icing by Nicolas Hague. 8:25 of 1st period - Mikael Backlund wins face-off versus Victor Rask in VANCOUVER VOODOO zone. 8:32 of 1st period - Shot by Conor Garland. 8:32 of 1st period - Shot Blocked by Andrew Shaw. 8:34 of 1st period - Shot by Mikael Backlund. 8:34 of 1st period - Stopped by Martin Jones without a rebound. 8:35 of 1st period - Mikael Backlund wins face-off versus Adam Gaudette in VANCOUVER VOODOO zone. 9:09 of 1st period - Shot by Gustav Nyquist. 9:09 of 1st period - Shot Misses the Net. 9:32 of 1st period - Shot by Kyle Connor. 9:32 of 1st period - Stopped by Martin Jones with a rebound. 9:34 of 1st period - Shot by Nick Holden. 9:34 of 1st period - Shot Misses the Net. 9:46 of 1st period - Icing by Josh Manson. 9:47 of 1st period - Adam Gaudette wins face-off versus Johan Larsson in VANCOUVER VOODOO zone. 9:47 of 1st period - Adam Gaudette is hit by Johan Larsson. 10:08 of 1st period - Shot by Johan Larsson. 10:08 of 1st period - Deflect By Jared McCann. 10:08 of 1st period - Stopped by Martin Jones without a rebound. 10:09 of 1st period - Brendan Lemieux wins face-off versus Anze Kopitar in VANCOUVER VOODOO zone. 10:28 of 1st period - Shot by Travis Zajac. 10:28 of 1st period - Stopped by Carter Hart with a rebound. 10:38 of 1st period - Shot by Kyle Connor. 10:38 of 1st period - Shot Misses the Net. 10:40 of 1st period - Shot by Torey Krug. 10:40 of 1st period - Shot Misses the Net. 11:09 of 1st period - Conor Garland is hit by Danny DeKeyser and loses puck. 12:10 of 1st period - Icing by Max Jones. 12:11 of 1st period - Johan Larsson wins face-off versus Victor Rask in VANCOUVER VOODOO zone. 12:12 of 1st period - Shot by Jared McCann. 12:12 of 1st period - Shot Misses the Net. 12:20 of 1st period - Andrew Shaw is hit by Johan Larsson and loses puck. 12:24 of 1st period - Icing by Nicolas Hague. 12:25 of 1st period - Anze Kopitar wins face-off versus Victor Rask in VANCOUVER VOODOO zone. 12:41 of 1st period - Icing by Nicolas Hague. 12:42 of 1st period - Victor Rask wins face-off versus Johan Larsson in VANCOUVER VOODOO zone. 13:19 of 1st period - Shot by Gustav Nyquist. 13:19 of 1st period - Shot Misses the Net. 13:27 of 1st period - Shot by Gustav Nyquist. 13:27 of 1st period - Goal by Gustav Nyquist - VANCOUVER VOODOO : 1 - VICTORIA GLADIATORS : 0. 13:28 of 1st period - Mikael Backlund wins face-off versus Mark Jankowski in neutral zone. 14:15 of 1st period - Icing by Esa Lindell. 14:16 of 1st period - Mikael Backlund wins face-off versus Adam Gaudette in VICTORIA GLADIATORS zone. 14:16 of 1st period - Mikael Backlund is hit by Max Domi. 14:19 of 1st period - Icing by Duncan Keith. 14:20 of 1st period - Adam Gaudette wins face-off versus Mikael Backlund in VICTORIA GLADIATORS zone. 14:23 of 1st period - Shot by Gustav Nyquist. 14:23 of 1st period - Stopped by Carter Hart without a rebound. 14:24 of 1st period - Travis Zajac wins face-off versus Anze Kopitar in VICTORIA GLADIATORS zone. 14:25 of 1st period - Shot by Noel Acciari. 14:25 of 1st period - Shot Misses the Net. 14:27 of 1st period - Shot by Noel Acciari. 14:27 of 1st period - Goal by Noel Acciari - VANCOUVER VOODOO : 2 - VICTORIA GLADIATORS : 0. 14:28 of 1st period - Travis Zajac wins face-off versus Anze Kopitar in neutral zone. 14:28 of 1st period - Travis Zajac is hit by Bryan Rust. 14:31 of 1st period - Noel Acciari is hit by Nick Holden and loses puck. 14:46 of 1st period - Shot by Travis Zajac. 14:46 of 1st period - Stopped by Carter Hart with a rebound. 14:48 of 1st period - Shot by Travis Zajac. 14:48 of 1st period - Shot Blocked by Kyle Connor. 14:50 of 1st period - Shot by Noel Acciari. 14:50 of 1st period - Stopped by Carter Hart without a rebound. 14:51 of 1st period - Johan Larsson wins face-off versus Adam Gaudette in VICTORIA GLADIATORS zone. 15:23 of 1st period - Max Domi is hit by Brady Skjei and loses puck. 16:27 of 1st period - Shot by Kyle Connor. 16:27 of 1st period - Stopped by Martin Jones without a rebound. 16:28 of 1st period - Travis Zajac wins face-off versus Mikael Backlund in VANCOUVER VOODOO zone. 16:30 of 1st period - Icing by Noel Acciari. 16:31 of 1st period - Mikael Backlund wins face-off versus Travis Zajac in VANCOUVER VOODOO zone. 16:49 of 1st period - Icing by Josh Manson. 16:50 of 1st period - Travis Zajac wins face-off versus Anze Kopitar in VANCOUVER VOODOO zone. 17:26 of 1st period - Minor Penalty to Brendan Lemieux for Hooking. 17:27 of 1st period - Travis Zajac wins face-off versus Mikael Backlund in VANCOUVER VOODOO zone. 17:43 of 1st period - Icing by Mikael Backlund. 17:44 of 1st period - Noel Acciari wins face-off versus Mikael Backlund in VICTORIA GLADIATORS zone. 17:59 of 1st period - Shot by Noel Acciari. 17:59 of 1st period - Shot Blocked by Torey Krug. 18:17 of 1st period - Shot by Mikael Backlund. 18:17 of 1st period - Stopped by Martin Jones with a rebound. 18:47 of 1st period - Shot by Bryan Rust. 18:47 of 1st period - Shot Misses the Net. 18:49 of 1st period - Shot by Brady Skjei. 18:49 of 1st period - Goal by Brady Skjei - VANCOUVER VOODOO : 2 - VICTORIA GLADIATORS : 1. 18:50 of 1st period - Jared McCann wins face-off versus Victor Rask in neutral zone. 19:19 of 1st period - Shot by Johan Larsson. 19:19 of 1st period - Shot Blocked by Josh Manson. Goals for this period are 2 for VANCOUVER VOODOO vs 1 for VICTORIA GLADIATORS. Shots for this period are 11 for VANCOUVER VOODOO vs 6 for VICTORIA GLADIATORS. 2nd period 0:01 of 2nd period - Mikael Backlund wins face-off versus Adam Gaudette in neutral zone. 0:34 of 2nd period - Shot by Gustav Nyquist. 0:34 of 2nd period - Stopped by Carter Hart without a rebound. 0:35 of 2nd period - Anze Kopitar wins face-off versus Noel Acciari in VICTORIA GLADIATORS zone. 0:35 of 2nd period - Anze Kopitar is hit by Brendan Lemieux. 0:38 of 2nd period - Minor Penalty to Brendan Lemieux for Holding. 0:39 of 2nd period - Travis Zajac wins face-off versus Anze Kopitar in VANCOUVER VOODOO zone. 0:39 of 2nd period - Travis Zajac is hit by Bryan Rust. 0:59 of 2nd period - Shot by Anze Kopitar. 0:59 of 2nd period - Stopped by Martin Jones without a rebound. 1:00 of 2nd period - Mikael Backlund wins face-off versus Travis Zajac in VANCOUVER VOODOO zone. 1:23 of 2nd period - Shot by Mikael Backlund. 1:23 of 2nd period - Stopped by Martin Jones without a rebound. 1:24 of 2nd period - Travis Zajac wins face-off versus Kyle Connor in VANCOUVER VOODOO zone. 1:58 of 2nd period - Shot by Kyle Connor. 1:58 of 2nd period - Goal by Kyle Connor - VANCOUVER VOODOO : 2 - VICTORIA GLADIATORS : 2. 1:59 of 2nd period - Mikael Backlund wins face-off versus Adam Gaudette in neutral zone. 2:01 of 2nd period - Conor Garland is hit by Cameron Gaunce and loses puck. 2:02 of 2nd period - Minor Penalty to Cameron Gaunce for High sticking. 2:03 of 2nd period - Travis Zajac wins face-off versus Mikael Backlund in VANCOUVER VOODOO zone. 2:12 of 2nd period - Noel Acciari is hit by Conor Garland and loses puck. 2:31 of 2nd period - Shot by Travis Zajac. 2:31 of 2nd period - Shot Blocked by Nick Holden. 3:04 of 2nd period - Icing by Nikita Zaitsev. 3:05 of 2nd period - Anze Kopitar wins face-off versus Mark Jankowski in VICTORIA GLADIATORS zone. 3:25 of 2nd period - Shot by Kyle Connor. 3:25 of 2nd period - Stopped by Martin Jones without a rebound. 3:26 of 2nd period - Travis Zajac wins face-off versus Anze Kopitar in VANCOUVER VOODOO zone. 4:13 of 2nd period - Shot by Gustav Nyquist. 4:13 of 2nd period - Shot Misses the Net. 4:23 of 2nd period - Shot by Max Domi. 4:23 of 2nd period - Stopped by Carter Hart with a rebound. 4:54 of 2nd period - Icing by Josh Manson. 4:55 of 2nd period - Adam Gaudette wins face-off versus Mikael Backlund in VANCOUVER VOODOO zone. 5:16 of 2nd period - Shot by Jakub Voracek. 5:16 of 2nd period - Shot Misses the Net. 5:53 of 2nd period - Shot by Kyle Connor. 5:53 of 2nd period - Stopped by Martin Jones without a rebound. 5:54 of 2nd period - Noel Acciari wins face-off versus Anze Kopitar in VANCOUVER VOODOO zone. 6:03 of 2nd period - Shot by Bryan Rust. 6:03 of 2nd period - Shot Blocked by Danny DeKeyser. 6:05 of 2nd period - Shot by Kyle Connor. 6:05 of 2nd period - Stopped by Martin Jones without a rebound. 6:06 of 2nd period - Victor Rask wins face-off versus Johan Larsson in VANCOUVER VOODOO zone. 6:23 of 2nd period - Shot by Andrew Shaw. 6:23 of 2nd period - Shot Misses the Net. 6:25 of 2nd period - Shot by Max Jones. 6:25 of 2nd period - Goal by Max Jones - VANCOUVER VOODOO : 3 - VICTORIA GLADIATORS : 2. 6:26 of 2nd period - Anze Kopitar wins face-off versus Travis Zajac in neutral zone. 6:44 of 2nd period - Noel Acciari is hit by Brya